 Dungeon Crawl Stone Soup version 0.28-a0-1159-g27aa881441 (webtiles) character file.

Game seed: 11701226493286324198

77 ChaosChampion the Conjurer (level 4, -5/24 HPs)
             Began as a Deep Elf Conjurer on Dec 15, 2021.
             Slain by a scorpion (9 damage)
             ... on level 6 of the Dungeon.
             The game lasted 00:01:42 (2213 turns).

ChaosChampion the Conjurer (Deep Elf Conjurer)      Turns: 2213, Time: 00:01:42

Health: -5/24      AC:  2    Str:  4    XL:     4   Next: 13%
Magic:  7/12       EV: 12    Int: 25    God:
Gold:   125        SH:  0    Dex: 13    Spells: 9/12 levels left

rFire   . . .      SeeInvis .   (no weapon)
rCold   . . .      Faith    .   (no shield)
rNeg    . . .      Spirit   .   a - +0 robe
rPois   .          Reflect  .   (no helmet)
rElec   .          Harm     .   (no cloak)
rCorr   .          Rampage  .   (no gloves)
Will    .....                   (no boots)
Stlth   ++........              (no amulet)
HPRegen 0.08/turn               (no ring)
MPRegen 0.13/turn               (no ring)

@: no status effects
A: no striking features
a: no special abilities


You were on level 6 of the Dungeon.
You visited 2 branches of the dungeon, and saw 6 of its levels.

You collected 125 gold pieces.

Inventory:

Armour
 a - a +0 robe (worn)
Jewellery
 c - a ring of protection from fire
 d - a ring of magical power
 o - a ring of ice
Scrolls
 b - 2 scrolls of identify {unknown}
 e - a scroll of amnesia {unknown}
 g - 2 scrolls of fear {unknown}
 j - a scroll of acquirement {unknown}
 m - 2 scrolls of torment {unknown}
Potions
 f - a potion of brilliance {unknown}
 h - a potion of ambrosia {unknown}
 i - a potion of attraction {unknown}
 k - a potion of invisibility {unknown}
 l - a potion of mutation {unknown}
 n - a potion of degeneration {unknown}
 p - 2 potions of curing {unknown}


   Skills:
 - Level 2.4 Dodging
 - Level 2.4 Stealth
 + Level 4.7 Spellcasting
 + Level 5.4 Conjurations


You had 9 spell levels left.
You knew the following spells:

 Your Spells              Type           Power      Damage    Failure   Level
a - Magic Dart            Conj           100%       1d8       1%          1
b - Searing Ray           Conj           66%        2d6       1%          2

Your spell library contained the following spells:

 Spells                   Type           Power      Damage    Failure   Level
 Dazzling Flash           Conj/Hex       38%        N/A       9%          3
 Fulminant Prism          Conj/Hex       9%         3d7       28%         4
 Iskenderun's Mystic Bla  Conj/Tloc      19%        2d6       28%         4


Dungeon Overview and Level Annotations

Branches:
Dungeon (6/15)             Temple (1/1) D:6

Altars:
Ashenzari
Dithmenos
Elyvilon
Hepliaklqana
Makhleb
Nemelex Xobeh
Okawaru
Ru
Trog
Uskayaw
Wu Jian
Yredelemnul


Message History

Found 15 gold pieces.
The hound barks!
The black bear growls angrily.
There is an open door here.
The hound bites you. x2
There is an open door here.
The hound misses you. The hound bites you. The hound bites you.
The hound barely misses you. The hound barely misses you.
There is a stone staircase leading down here.
The hound closely misses you.
You climb downwards.
There is a stone staircase leading up here.
Casting: Searing Ray (safe; 1% risk of failure)
Confirm with . or Enter, or press ? or * to list all spells.
Aiming: Searing Ray (safe; 1% risk of failure)
Press: ? - help, Shift-Dir - straight line, f - hound
Aim: a hound (73% to hit)
The searing ray hits the hound.
The hound is lightly wounded. (Press . to maintain the ray.)
The hound bites you. x2
The searing ray hits the hound.
The hound is moderately wounded.
The hound bites you.
* * * LOW HITPOINT WARNING * * *
Casting: Searing Ray (safe; 1% risk of failure)
Confirm with . or Enter, or press ? or * to list all spells.
Restarting spell: Searing Ray (safe; 1% risk of failure)
Press: ? - help, Shift-Dir - straight line, f/p - hound
Aim: a hound (moderately wounded, 73% to hit)
The searing ray hits the hound!
The hound is almost dead. (Press . to maintain the ray.)
The hound bites you.
* * * LOW HITPOINT WARNING * * *
The hound barely misses you. The hound bites you but does no damage.
The scorpion stings you!
You die...

.........##
..#...⌠...## .#
.##........# .#.
##.⌠.>.⌠..## ...
#..........# ..##
.........⌠...#.###...#
####..##...##..#...#
#.# ##..###h....# #.
#..# ##@s..# # ....
#...#.... .##...
......#.. #.
#..#..##..## #.. ....
#.. ..... [.. ##.##
.... .#


You could see a scorpion and a hound.

Vanquished Creatures
  Jessica (D:2)
  An adder (D:3)
  A worm (D:3)
  A dart slug (D:2)
  A bat (D:1)
  2 endoplasms (D:2)
  2 giant cockroaches (D:1)
  2 hobgoblins (D:2)
  3 jackals (D:3)
  3 quokkas
  7 ball pythons
  A frilled lizard (D:2)
  3 goblins (D:2)
  6 kobolds
  2 rats (D:1)
36 creatures vanquished.

Notes
Turn   | Place    | Note
-------+----------+-------------------------------------------
     0 | D:1      | ChaosChampion the Deep Elf Conjurer began the quest for the
                  | Orb.
     0 | D:1      | Reached XP level 1. HP: 10/10 MP: 6/6
   441 | D:1      | Reached XP level 2. HP: 15/15 MP: 5/8
   478 | D:1      | Learned a level 2 spell: Searing Ray
   625 | D:1      | Found a faded altar of an unknown god.
  1145 | D:2      | Noticed Jessica
  1147 | D:2      | Killed Jessica
  1148 | D:2      | Reached skill level 5 in Conjurations
  1148 | D:2      | Reached XP level 3. HP: 19/19 MP: 6/10
  1968 | D:3      | Reached XP level 4. HP: 24/24 MP: 6/12
  2041 | D:3      | You fall into a shaft and drop 3 floors!
  2047 | D:6      | Found a staircase to the Ecumenical Temple.
  2056 | Temple   | Entered the Ecumenical Temple
  2180 | D:6      | Noticed a scorpion
  2184 | D:5      | Entered Level 5 of the Dungeon
  2195 | D:5      | Noticed a phantom
  2195 | D:5      | Noticed a black bear
  2213 | D:6      | Slain by a scorpion

Illustrated notes

Levels and vault maps discovered:
D:1:      psy_arrival_terrarium, layout_loops_ring,
          shapermc_ecumenical_altar_totnotflames, st_stairs_6
D:2:      layout_loops_ring, uniq_jessica
D:3:      layout_basic, mainiacjoe_overflow_concentric_impassable,
          general_overflow_altar, mainiacjoe_overflow_alcove_4,
          kennysheep_crisscross, serial_bayou_crossing, uniq_natasha
D:5:      layout_gridville, overflow_temple_1_default, minmay_strange_pillars
D:6:      layout_cave_pools, mainiacjoe_overflow_six_doors_small,
          temple_fountains, fountainhead, uniq_sigmund
Temple:   nicolae_temple_hex_pool

Skill      XL: |  1  2 |
---------------+-------+-----
Spellcasting   | 4 |  4.7
Conjurations   | 5 |  5.4
Dodging        | |  2.4
Stealth        | |  2.4

Action                   |  1- 3 |  4- 6 || total
-------------------------+-------+-------++-------
 Cast: Magic Dart        |    60 |       ||    60
       Searing Ray       |     5 |     2 ||     7
Armor: Robe              |       |     1 ||     1
Dodge: Dodged            |     3 |     5 ||     8

Table legend: (Time is in decaauts)
 A = Elapsed time spent in this place.
 B = Non-inter-level travel time spent in this place.
 C = Inter-level travel time spent in this place.
 D = Time resting spent in this place.
 E = Time spent auto-exploring this place.
 F = Levels seen in this place.
 G = Mean time per level.
                   A        B        C        D        E       F      G
               +--------+--------+--------+--------+--------+-----+--------+
         Total |   2212 |   2188 |     24 |      0 |   1930 |   6 |  368.7 |
       Dungeon |   2100 |   2076 |     24 |      0 |   1869 |   5 |  420.0 |
        Temple |    112 |    112 |      0 |      0 |     61 |   1 |  112.0 |
               +--------+--------+--------+--------+--------+-----+--------+

Top non-repeatable levels by time:
     D:2: 876 daAuts
     D:1: 846 daAuts
     D:3: 317 daAuts
  Temple: 112 daAuts
     D:6: 34 daAuts
     D:5: 24 daAuts
